[Event "*** SCC Grand Prix: Titled Tuesday Blitz"]
[Site "Chess.com"]
[Date "2020.06.09"]
[Round "5"]
[White "Ural_bogatyr"]
[Black "Thipsay"]
[Result "1/2-1/2"]
[WhiteElo "2309"]
[BlackElo "2438"]
[TimeControl "180+1"]
[EndTime "9:57:16 PDT"]
[Termination "Game drawn by repetition"]

1. e4 e5 2. Nf3 Nc6 3. Bb5 a6 4. Bxc6 dxc6 5. O-O Bg4 6. h3 h5 7. d3 Qf6 8. Nbd2 Ne7 9. Nc4 Bxf3 10. Qxf3 Qxf3 11.
gxf3 Ng6 12. Rd1 O-O-O 13. Kf1 Be7 14. Ke2 Bf6 15. Be3 Nf8 16. a4 Ne6 17. c3 g6 18. b4 b6 19. Nd2 Kb7 20. Nb3 Rd7 21.
Rd2 Ng5 22. Rh1 Rhd8 23. d4 Ne6 24. dxe5 Bxe5 25. Rxd7 Rxd7 26. c4 Nf4+ 27. Bxf4 Bxf4 28. Rd1 Kc8 29. Nd4 Rd6 30. c5 bxc5 31. bxc5 Rf6 32. Nc2 Re6 33. Nd4 Rf6 34. Nc2 Be5 35. Ke3 g5 36. Nb4 Bf4+ 37. Ke2 a5 38. Nd3 Bh2 39.
Rh1 Bf4 40. Rg1 Rg6 41. Nxf4 gxf4 42. Rxg6 fxg6 43. Kd3 Kd7 44. Kd4 Ke6 45. Kc4 Ke5 46.
Kd3 g5 47. Kc4 Ke6 48. Kd4 Kf6 49. Kc4 Ke5 50. Kd3 Ke6 51. Kd4 Kf6 52. Kd3 Ke6 53. Kd4 1/2-1/2

[Event "*** SCC Grand Prix: Titled Tuesday Blitz"]
[Site "Chess.com"]
[Date "2020.06.09"]
[Round "5"]
[White "esrosenberg"]
[Black "Nikolaj_6"]
[Result "0-1"]
[WhiteElo "2211"]
[BlackElo "2553"]
[TimeControl "180+1"]
[EndTime "9:57:17 PDT"]
[Termination "Nikolaj_6 won by checkmate"]

1. Nf3 Nf6 2. c4 g6 3. Nc3 Bg7 4. e4 d6 5. d4 O-O 6. h3 c5 7. d5 e6 8. Bd3 exd5 9. exd5 Re8+ 10. Be3 Nbd7 11. O-O Ne5 12. Nxe5 Rxe5 13. Qd2 a6 14. Rae1 Bd7 15. Bf4 Rxe1 16. Rxe1 Ne8 17. Qe3 b5 18.
Qe7 b4 19. Nd1 Qxe7 20. Rxe7 Rd8 21. b3 Kf8 22. Re1 a5 23. g4 a4 24. Kg2 Ra8 25.
Bc2 axb3 26. Bxb3 Ba4 27. Re3 Bxb3 28. axb3 Bd4 29. Rd3 Ra2 30. Ne3 Ke7 31. Bg3 Nf6 32. g5 Ne4 33. Ng4 f5 34. gxf6+ Kf7 35. Bh4 g5 36. Bg3 h5 37. Nh6+ Kxf6 38. Rf3+ Kg6 39. Nf5 h4 40. Bxd6 Bxf2 41. Kh1 Ra1+ 42. Kg2 Ra2 43.
Kh1 Nxd6 44. Nxd6 Bg3 45. Nf7 Rh2+ 46. Kg1 Rd2 47. Nd8 g4 48. Ne6 gxf3 49. Nf4+ Bxf4 50. d6 Bg3 51. Kf1 Rd1# 0-1

[Event "*** SCC Grand Prix: Titled Tuesday Blitz"]
[Site "Chess.com"]
[Date "2020.06.09"]
[Round "5"]
[White "snap_man"]
[Black "kran900"]
[Result "1/2-1/2"]
[WhiteElo "2308"]
[BlackElo "2445"]
[TimeControl "180+1"]
[EndTime "9:57:18 PDT"]
[Termination "Game drawn by repetition"]

1. e4 e5 2. Nf3 Nc6 3. Bb5 a6 4. Ba4 Nf6 5. O-O Be7 6. Re1 b5 7. Bb3 O-O 8. h3 d5 9. exd5 Nxd5 10. Nxe5 Nxe5 11. Rxe5 c6 12. d4 Bd6 13. Re1 Qh4 14. Bxd5 cxd5 15. Qd3 Bd7 16. Nc3 Rae8 17. Bd2 Bc6 18.
Rxe8 Rxe8 19. Re1 Rxe1+ 20. Bxe1 Qf4 21. g3 Qc1 22. Kf1 Qxb2 23. a4 h6 24. axb5 axb5 25. Qf5 b4 26. Qc8+ Bf8 27. Qxc6 bxc3 28. Qxc3 Qb5+ 29.
Kg2 Qe2 30. Qd2 Qe4+ 31. Kg1 Bd6 32. Qc3 h5 33. h4 g5 34. Qe3 Qxc2 35. Qxg5+ Qg6 36.
Qd8+ Kh7 37. Qd7 Qe6 38. Qxe6 fxe6 39. Kg2 Kg6 40. Kf3 Kf5 41. Ke3 e5 42. f3 e4 43.
fxe4+ dxe4 44. Bf2 Be7 45. Be1 Bd6 46. Bf2 Be7 47.
Be1 Bd6 1/2-1/2

[Event "*** SCC Grand Prix: Titled Tuesday Blitz"]
[Site "Chess.com"]
[Date "2020.06.09"]
[Round "5"]
[White "reniite"]
[Black "ljuks68"]
[Result "0-1"]
[WhiteElo "1822"]
[BlackElo "2324"]
[TimeControl "180+1"]
[EndTime "9:57:18 PDT"]
[Termination "ljuks68 won by resignation"]

1. e4 e6 2. d4 d5 3. Nc3 Bb4 4. Ne2 Nc6 5. a3 Ba5 6. e5 f6 7. f4 fxe5 8. fxe5 Nge7 9. b4 Bb6 10. Bb2 Nf5 11. Na4 Bxd4 12. Nxd4 Qh4+ 13. g3 Qe4+ 14. Qe2 Ncxd4 15. Qxe4 dxe4 16. O-O-O Nf3 17. Be2 Ne3 18. Bxf3 exf3 19. Rde1 Nc4 20. Rhf1 O-O 21. Bd4 b6 22.
Nb2 Nxa3 23. Nd3 Nc4 24. Nf4 a5 25. b5 Bd7 26. Rxf3 Bxb5 27. Rb3 Bd7 28. Bc3 c5 29. Rb1 a4 30. Rd1 Rf7 31. Nd3 a3 32. Ra1 Bc6 33. Re1 Rf3 34. Kd1 Rff8 35. Ke2 Rfc8 36. Reb1 g5 37.
Be1 Be8 38. Bd2 b5 39. Bxg5 b4 40. Be3 Ra5 41. Nxc5 Raxc5 42. Rxb4 Rxe5 43. Rb3 Nxe3 44. Rxe3 Rxc2+ 45. Kd3 Rxe3+ 46. Kxe3 a2 47. Kd3 Rxh2 48. Kc3 Bc6 49. Kb3 Bd5+ 50. Ka3 Rg2 51. Re1 Rxg3+ 0-1

[Event "*** SCC Grand Prix: Titled Tuesday Blitz"]
[Site "Chess.com"]
[Date "2020.06.09"]
[Round "5"]
[White "ChessQueen"]
[Black "kingofthenil"]
[Result "1-0"]
[WhiteElo "2673"]
[BlackElo "2444"]
[TimeControl "180+1"]
[EndTime "9:57:19 PDT"]
[Termination "ChessQueen won on time"]

1. e4 Nc6 2. Nf3 d5 3. exd5 Qxd5 4. Nc3 Qh5 5. Nb5 Kd8 6. d4 Bg4 7. Bf4 Bxf3 8. gxf3 a6 9. Nc3 Nf6 10. Rg1 h6 11. d5 Nb4 12. Bc4 Qf5 13. Ne2 Nxc2+ 14.
Kf1 Qh3+ 15. Rg2 Nxa1 16. Nd4 g5 17. Be5 Bg7 18. Qxa1 Kc8 19. Qc1 Qd7 20. Bb3 Ne8 21. f4 f6 22. d6 fxe5 23. Be6 exd4 24. Bxd7+ Kxd7 25. dxe7 Bf6 26. fxg5 hxg5 27. Qc5 Nd6 28. Qd5 Rae8 29. f4 Rxe7 30. fxg5 Be5 31. g6 Rf8+ 32.
Kg1 Bf4 33. h4 Rf5 34. Qb3 Re1+ 35. Kf2 Bd2+ 36. Kg3 Bf4+ 37. Kg4 Re7 38. Qa4+ c6 39.
Qxd4 Bh6 40. Kh3 Re3+ 41. Rg3 Re4 42. Qb6 Rd4 43. g7 Bxg7 44. Rxg7+ Ke6 45. Qxd4 Rf3+ 46. Kg2 Nf5 47. Rg6+ 1-0

[Event "*** SCC Grand Prix: Titled Tuesday Blitz"]
[Site "Chess.com"]
[Date "2020.06.09"]
[Round "5"]
[White "ElviraBerend"]
[Black "SCIM"]
[Result "1-0"]
[WhiteElo "2400"]
[BlackElo "2536"]
[TimeControl "180+1"]
[EndTime "9:57:19 PDT"]
[Termination "ElviraBerend won on time"]

1. d4 Nf6 2. c4 g6 3. Nf3 Bg7 4.
g3 O-O 5. Bg2 d5 6. cxd5 Nxd5 7.
O-O Nc6 8. Nc3 Nb6 9. e3 Re8 10.
Nh4 e5 11. d5 Na5 12. e4 Nac4 13. b3 Nd6 14. Bb2 f5 15. exf5 gxf5 16. Qh5 Bd7 17. Rae1 Qf6 18. Bc1 Qf7 19. Qxf7+ Kxf7 20. Bd2 e4 21. g4 Bxc3 22. Bxc3 Bb5 23. gxf5 Bxf1 24. Kxf1 Nxd5 25. Bd2 Nf6 26. Bh3 Rad8 27. Be3 Nd5 28. Bg5 Nf6 29. Ng2 Rg8 30. Bf4 Ng4 31.
Rc1 c6 32. Rd1 e3 33. fxe3 Nxf5 34. Rxd8 Ngxe3+ 35. Nxe3 Nxe3+ 36. Bxe3 Rxd8 37. Ke2 a6 38. Bf5 h5 39. h4 Rd5 40. Be4 Ra5 41. a4 Re5 42.
Kd3 Re8 43. Bg5 Re6 44. Bf3 Rd6+ 45. Kc4 Kg6 46. Be4+ Kf7 47. Kc5 Re6 48. Kd4 Rd6+ 49. Kc4 Rd1 50. Bf3 Rg1 51. Bxh5+ Ke6 52. Be2 Kd6 53.
Kd3 1-0

[Event "*** SCC Grand Prix: Titled Tuesday Blitz"]
[Site "Chess.com"]
[Date "2020.06.09"]
[Round "5"]
[White "Sanan_Sjugirov"]
[Black "heartofatiger"]
[Result "1-0"]
[WhiteElo "2781"]
[BlackElo "2594"]
[TimeControl "180+1"]
[EndTime "9:57:20 PDT"]
[Termination "Sanan_Sjugirov won on time"]

1. e4 Nf6 2. e5 Nd5 3. d4 d6 4. Nf3 Bg4 5. Be2 e6 6. O-O Be7 7. h3 Bh5 8. c4 Nb6 9. Nc3 O-O 10.
exd6 cxd6 11. Re1 d5 12. c5 Nc8 13. b4 a6 14. Ne5 Bxe2 15. Qxe2 Nc6 16. Nxc6 bxc6 17.
Bf4 Bf6 18. Rad1 Re8 19. a4 Ne7 20. b5 axb5 21. axb5 cxb5 22. Nxb5 Ra4 23. Qc2 Qa5 24. Nd6 Ra8 25. c6 Ra2 26. Qc1 Qa4 27. c7 Rc2 28. Qe3 Qc6 29. Qg3 Ng6 30. Rc1 Qxc7 31. Rxc2 Qxc2 32.
Rc1 Qb2 33. Be3 Ra1 34. Rxa1 Qxa1+ 35. Kh2 h5 36. Nb5 Qa8 37. Qc7 Bd8 38. Qd7 Qb8+ 39.
g3 h4 40. Nd6 hxg3+ 41. fxg3 Be7 42. Nc8 Qb2+ 43. Kg1 1-0

[Event "*** SCC Grand Prix: Titled Tuesday Blitz"]
[Site "Chess.com"]
[Date "2020.06.09"]
[Round "5"]
[White "IAgrest"]
[Black "Martins-BR"]
[Result "0-1"]
[WhiteElo "2224"]
[BlackElo "2082"]
[TimeControl "180+1"]
[EndTime "9:57:21 PDT"]
[Termination "Martins-BR won on time"]

1. e4 c5 2. Nf3 e6 3. d4 cxd4 4.
Nxd4 Nc6 5. Nc3 Qc7 6. Be3 a6 7. Qf3 d6 8. O-O-O Bd7 9. Qg3 Nf6 10. Be2 b5 11. a3 Rb8 12. f4 b4 13. axb4 Rxb4 14. Bf3 Na5 15. e5 dxe5 16. fxe5 Ng8 17. Be2 Nc4 18. Bxc4 Rxc4 19. Rd2 Rxc3 20. bxc3 Qxc3 21.
Nb3 Ba3+ 22. Kd1 Ne7 23. Bd4 Qxg3 24. hxg3 O-O 25. Nc5 Bb5 26. Ne4 Nf5 27. Bf2 h6 28.
g4 Ne7 29. g5 hxg5 30. Nxg5 Ng6 31. Bd4 Bc6 32. Nf3 Rc8 33. c3 Be7 34. Ke2 Bd5 35.
Kf2 Nf4 36. g3 Ng6 37. Rh5 Rb8 38. Ng5 Bxg5 39. Rxg5 Rb3 40. Rh5 Ne7 41. g4 g6 42.
Rh3 Nc6 43. Re3 a5 44. Re1 a4 45. Ra1 a3 46. Rda2 Na5 47. Rxa3 Rb2+ 48. Ke3 Nc4+ 0-1

[Event "*** SCC Grand Prix: Titled Tuesday Blitz"]
[Site "Chess.com"]
[Date "2020.06.09"]
[Round "5"]
[White "vugarrasulov"]
[Black "olksuna"]
[Result "1/2-1/2"]
[WhiteElo "2794"]
[BlackElo "2621"]
[TimeControl "180+1"]
[EndTime "9:57:23 PDT"]
[Termination "Game drawn by repetition"]

1. d4 Nf6 2. c4 g6 3. Nc3 d5 4.
Nf3 Bg7 5. cxd5 Nxd5 6. Bg5 O-O 7.
e3 Nxc3 8. bxc3 c5 9. Rc1 Nd7 10. Be2 Nf6 11. O-O b6 12. Ne5 Bb7 13. Bf3 Ne4 14. Qc2 Bxe5 15. Bxe4 Bxe4 16. Qxe4 Bf6 17. Bxf6 exf6 18. Qf4 Qe7 19. Rfd1 Kg7 20. e4 Rfe8 21. f3 Rad8 22. d5 c4 23. d6 Qe5 24. Qxe5 fxe5 25.
Rd5 Rd7 26. a4 Red8 27. Rcd1 f6 28. a5 Kf7 29. axb6 axb6 30. Kf2 Ke6 31. Rb1 Rxd6 32.
Rxb6 Rxb6 33. Rxd8 Rb2+ 34. Ke3 Rc2 35. Re8+ Kf7 36.
Rc8 Rxc3+ 37. Kd2 Rd3+ 38. Kc2 Ra3 39. Kb2 Re3 40. Rxc4 Re2+ 41. Rc2 Rxc2+ 42. Kxc2 Ke6 43. Kd3 Kd6 44. Kc4 Kc6 45. g3 f5 46. h3 h6 47.
g4 fxg4 48. fxg4 g5 49. Kb4 Kb6 50. Kc4 Kc6 51. Kb4 Kb6 52. Kc4 Kc6 1/2-1/2

[Event "*** SCC Grand Prix: Titled Tuesday Blitz"]
[Site "Chess.com"]
[Date "2020.06.09"]
[Round "5"]
[White "putra48"]
[Black "OhanyanEminChess"]
[Result "0-1"]
[WhiteElo "2603"]
[BlackElo "2454"]
[TimeControl "180+1"]
[EndTime "9:57:24 PDT"]
[Termination "OhanyanEminChess won by resignation"]

1. e4 e5 2. Nc3 Nf6 3. f4 d5 4. fxe5 Nxe4 5. Nf3 Nc6 6. Qe2 Nxc3 7. dxc3 Be7 8. Bf4 O-O 9. O-O-O f6 10. exf6 Bxf6 11.
Qd2 Be6 12. Bd3 d4 13. c4 Qd7 14. h4 Bf5 15. Rde1 Rae8 16. Ng5 h6 17. Ne4 Be5 18.
Rhf1 Bxf4 19. Rxf4 Ne5 20. Bf1 b6 21. Ng3 Bh7 22. Rxd4 Qa4 23. a3 Bxc2 24. c5 Qb3 25. Rxe5 Rxf1+ 26. Nxf1 Rxe5 27. Qxc2 Rxc5 28. Rd8+ Kf7 29.
Qxc5 bxc5 30. Nd2 Qe3 31. Rd7+ Kg8 32. Rxc7 Qg1+ 33. Kc2 Qxg2 34. Rxa7 Qg4 35. a4 Qxh4 36.
a5 Qb4 37. a6 Kh7 38. b3 Qb6 39. Ra8 Qc6 40. Ra7 h5 41. Nc4 h4 42. Kb2 h3 43. Ne5 Qg2+ 44. Ka3 h2 0-1

[Event "*** SCC Grand Prix: Titled Tuesday Blitz"]
[Site "Chess.com"]
[Date "2020.06.09"]
[Round "5"]
[White "louis198"]
[Black "ARTHURMOTIVATOR"]
[Result "1-0"]
[WhiteElo "2438"]
[BlackElo "2268"]
[TimeControl "180+1"]
[EndTime "9:57:24 PDT"]
[Termination "louis198 won on time"]

1. d4 Nf6 2. Bf4 g6 3. e3 Bg7 4.
h3 O-O 5. Nf3 d6 6. Bc4 b6 7.
O-O Bb7 8. a4 a6 9. c3 Nbd7 10.
Nbd2 Ra7 11. Qb3 Qa8 12. Rfd1 Ne4 13. Nxe4 Bxe4 14. Ne1 e5 15. Bg3 Qe8 16. f3 Bb7 17.
Bf2 Kh8 18. e4 Ra8 19. a5 b5 20. Bf1 f5 21. exf5 gxf5 22. c4 exd4 23. Bxd4 Bxd4+ 24. Rxd4 Nc5 25. Qc3 b4 26. Qc2 Qe3+ 27. Qf2 Qxf2+ 28.
Kxf2 Nb3 29. Rad1 Nxd4 30. Rxd4 Rae8 31. Nd3 Rb8 32. b3 Bc8 33. Nf4 Rf7 34. c5 dxc5 35.
Rd8+ Kg7 36. Bc4 Rf8 37. Rd5 c6 38. Rxc5 Bd7 39. Be6 Rfd8 40. Bxd7 Rxd7 41. Rxc6 Rd2+ 42. Ke3 Rb2 43. Ne6+ Kg8 44. Nd4 Re8+ 45. Kf4 Rxg2 46. Nxf5 Rb2 47. Nd4 Rd2 48. Rc4 Rf8+ 49. Ke3 Rh2 50.
Rxb4 Rxh3 51. Rb6 Re8+ 52. Kd3 Rh4 53. Rd6 Rf4 54. b4 h5 55. Kc3 h4 56. Rh6 Kg7 57.
Rh5 Kg6 58. Rc5 h3 59. Rc6+ Kg5 60. Ne6+ 1-0

[Event "*** SCC Grand Prix: Titled Tuesday Blitz"]
[Site "Chess.com"]
[Date "2020.06.09"]
[Round "5"]
[White "NIGWAPO"]
[Black "MathiasWomacka"]
[Result "1/2-1/2"]
[WhiteElo "2546"]
[BlackElo "2402"]
[TimeControl "180+1"]
[EndTime "9:57:25 PDT"]
[Termination "Game drawn by repetition"]

1. e4 c5 2. Nf3 d6 3. Bb5+ Nd7 4. a4 Nf6 5. d3 g6 6. O-O Bg7 7. c3 O-O 8. h3 a6 9. Bc4 b6 10. Bg5 Bb7 11. Re1 h6 12. Bh4 Bc6 13. Na3 Qc7 14. Qe2 Bxa4 15. Nc2 Bc6 16. Bxa6 b5 17. d4 Bxe4 18.
Bxb5 Rxa1 19. Rxa1 Rb8 20. c4 cxd4 21. Ncxd4 Nc5 22.
b4 Ncd7 23. Bxf6 Nxf6 24. Nd2 Bb7 25. N2b3 Ra8 26. Rxa8+ Bxa8 27. c5 dxc5 28. bxc5 Bd5 29. Qe3 Ne4 30. Nf3 Bxb3 31. Qxb3 Qxc5 32. Qe3 Qxe3 33.
fxe3 e6 34. Bd3 Nd6 35. e4 Bc3 36. Kf2 f5 37. exf5 gxf5 38. g4 Kf7 39. gxf5 Nxf5 40. Bxf5 exf5 41. Nh4 Kf6 42. Kf3 Be1 43. Ng2 Bb4 44. h4 Ke5 45. Ne3 Bc5 46. Nc4+ Kf6 47. Kf4 Bb4 48. Kf3 Bc3 49. Ne3 Bd4 50. Nd5+ Ke5 51. Ne7 Kf6 52. Ng8+ Kg7 53. Ne7 Kf6 54. Ng8+ Kg7 55. Ne7 Kf6 1/2-1/2

[Event "*** SCC Grand Prix: Titled Tuesday Blitz"]
[Site "Chess.com"]
[Date "2020.06.09"]
[Round "5"]
[White "doctorcristian"]
[Black "Ginger_GM"]
[Result "1-0"]
[WhiteElo "2426"]
[BlackElo "2564"]
[TimeControl "180+1"]
[EndTime "9:57:26 PDT"]
[Termination "doctorcristian won by resignation"]

1. d4 Nf6 2. Nc3 e6 3. e4 d5 4. exd5 exd5 5. Bg5 Be7 6. Bd3 O-O 7. Nge2 Nc6 8. a3 Bg4 9. f3 Bh5 10. O-O Bg6 11.
Bxg6 hxg6 12. Nf4 Qd7 13. Qd2 Rad8 14. Rad1 Rfe8 15. Qf2 Qf5 16. h4 Nh7 17. g4 Qc8 18. Bxe7 Nxe7 19. Rfe1 c6 20. Nd3 Qc7 21. Qh2 Qxh2+ 22.
Kxh2 Nc8 23. b3 Nf8 24. Ne2 Ne6 25. c3 Nd6 26. a4 b6 27. Nef4 Nxf4 28. Nxf4 Kf8 29.
Kg2 Nb7 30. Nd3 Na5 31. Nc1 Rxe1 32. Rxe1 Re8 33. Rxe8+ Kxe8 34. Kf2 Kd7 35. Ke3 c5 36. dxc5 bxc5 37. Kd3 Nc6 38. f4 Kd6 39. Ke3 Ne7 40. Nd3 f6 41. b4 cxb4 42. cxb4 Nc6 43. b5 Na5 44. Kd4 Nb3+ 45. Kc3 Nc5 46. Nxc5 Kxc5 47. h5 gxh5 48. gxh5 d4+ 49. Kd3 Kb4 50. Kxd4 Kxa4 51.
Kc5 Ka5 52. f5 Ka4 53. b6 axb6+ 54. Kxb6 Kb4 55. Kc6 Kc4 56. Kd6 Kd4 57. Ke6 Ke4 58. Kf7 Kxf5 59. Kxg7 Kg4 60. h6 f5 61. h7 f4 62.
h8=Q f3 63. Qh1 Kg3 64. Qf1 f2 65. Kg6 1-0

[Event "*** SCC Grand Prix: Titled Tuesday Blitz"]
[Site "Chess.com"]
[Date "2020.06.09"]
[Round "5"]
[White "BJthechessgod"]
[Black "margarita_2703"]
[Result "1-0"]
[WhiteElo "2160"]
[BlackElo "2301"]
[TimeControl "180+1"]
[EndTime "9:57:26 PDT"]
[Termination "BJthechessgod won by checkmate"]

1. e4 Nf6 2. e5 Nd5 3. d4 d6 4.
Nf3 g6 5. Bc4 Nb6 6. Bb3 Bg7 7.
O-O O-O 8. Nc3 Bg4 9. Bf4 Nc6 10. exd6 cxd6 11. d5 Ne5 12. Bxe5 Bxe5 13. h3 Bxf3 14. Qxf3 Rc8 15. Rad1 Bxc3 16. bxc3 Qc7 17. Rd3 Nc4 18. Re1 Ne5 19. Rxe5 dxe5 20. Qe3 b6 21. Qh6 e4 22. Rg3 Qe5 23. d6 exd6 24. h4 Rxc3 25. Rg4 Qg7 26. Qd2 Rc5 27. Rxe4 Rd8 28. Re7 Rf5 29. g4 Rf3 30.
Kg2 Rf6 31. g5 Rf5 32. Be6 fxe6 33. Rxg7+ Kxg7 34. Qd4+ e5 35. Qd5 Rf7 36. c4 Rc7 37. Qe6 Rdd7 38. Qf6+ Kg8 39. Qe6+ Kf8 40. h5 gxh5 41.
Qh6+ Ke8 42. Qxh5+ Kd8 43. Qh6 Kc8 44. Qf8+ Kb7 45.
Qf3+ Kb8 46. Qd5 Rc5 47. Qg8+ Kc7 48. Kf3 a6 49. Ke4 b5 50. cxb5 axb5 51. Kf5 Rc4 52. Ke6 Rf4 53. Qa8 Rff7 54. Qa7+ Kd8 55. Qb8# 1-0

[Event "*** SCC Grand Prix: Titled Tuesday Blitz"]
[Site "Chess.com"]
[Date "2020.06.09"]
[Round "5"]
[White "Sanyura"]
[Black "SargissyanSargis"]
[Result "0-1"]
[WhiteElo "2479"]
[BlackElo "2310"]
[TimeControl "180+1"]
[EndTime "9:57:26 PDT"]
[Termination "SargissyanSargis won by resignation"]

1. e4 e5 2. Nf3 Nc6 3. Bb5 a6 4. Ba4 Nf6 5. O-O Be7 6. Re1 b5 7. Bb3 d6 8. c3 O-O 9. h3 Bb7 10. d4 Re8 11. Nbd2 Bf8 12. a3 h6 13.
Ba2 g6 14. Nh4 Kg7 15. Nf1 exd4 16. Ng3 dxc3 17. bxc3 d5 18. Qd2 Kh7 19. Bb2 Nxe4 20. Nxe4 dxe4 21. Qf4 f5 22. Nxf5 Ne5 23. c4 Nd3 24.
Qd2 Nxb2 25. Qxb2 gxf5 26. cxb5 Bg7 27. Qb3 Bxa1 28. Rxa1 Qe7 29. b6 c5 30. Qg3 Rad8 31.
Re1 Bd5 32. Qf4 Bxa2 33. Qxf5+ Kg7 34. f3 Qf6 35. Qg4+ Qg6 36. Qf4 Qf7 37. Qg4+ Qg6 38. Qf4 Bd5 39. Qc7+ Qf7 40. Qg3+ Kh7 41. f4 Qg7 42.
Qe3 Qd4 43. Kh2 Qxe3 44. Rxe3 c4 45. g4 Rb8 46. f5 Rxb6 47. Re2 c3 0-1

[Event "*** SCC Grand Prix: Titled Tuesday Blitz"]
[Site "Chess.com"]
[Date "2020.06.09"]
[Round "5"]
[White "GM_dmitrij"]
[Black "MirMan90"]
[Result "1-0"]
[WhiteElo "2964"]
[BlackElo "2656"]
[TimeControl "180+1"]
[EndTime "9:57:27 PDT"]
[Termination "GM_dmitrij won by resignation"]

1. e4 c5 2. Nf3 d6 3. Bb5+ Nd7 4.
O-O a6 5. Bd3 Ngf6 6. Re1 e6 7. c3 b5 8. Bc2 c4 9. a4 Bb7 10. d4 cxd3 11. Qxd3 Nc5 12. Qe2 bxa4 13.
Be3 Nfd7 14. Bxc5 Nxc5 15. Rxa4 Be7 16. Rd4 Qc7 17. e5 d5 18. Rg4 g6 19. Nbd2 Bf8 20. h4 h5 21. Rg3 Bg7 22. Nd4 Rg8 23. b4 Nd7 24. Re3 Bh6 25. Rf3 Nxe5 26. Rg3 Bf4 27. Rh3 O-O-O 28. N2b3 Nc4 29. Nc5 e5 30. Ndb3 e4 31.
Ra1 Rd6 32. Nxb7 Qxb7 33. Nc5 Qa8 34. Bb3 Ne5 35. b5 a5 36. c4 d4 37. Nxe4 Rdd8 38. Nc5 d3 39. Nxd3 Nxd3 40. Rxd3 Rge8 41. Qf1 Rxd3 42. Qxd3 Rd8 43. Qe2 Kb8 44. c5 Qb7 45. c6 Qb6 46. Bxf7 Bd6 47. Rd1 Bc5 48. Rxd8+ Qxd8 49. Bxg6 a4 50. Bf7 a3 51. Qe5+ Bd6 52.
Qd5 Qf6 53. g3 Bc7 54. Kg2 Bb6 55. Qf3 Kc7 56. Qxf6 1-0

[Event "*** SCC Grand Prix: Titled Tuesday Blitz"]
[Site "Chess.com"]
[Date "2020.06.09"]
[Round "5"]
[White "platy3"]
[Black "Evgeny_Ermakov1965"]
[Result "1-0"]
[WhiteElo "2744"]
[BlackElo "2518"]
[TimeControl "180+1"]
[EndTime "9:57:29 PDT"]
[Termination "platy3 won by checkmate"]

1. e4 c6 2. d4 d5 3. e5 c5 4. dxc5 Nc6 5. f4 Bf5 6. c3 e6 7. Be3 Nge7 8. Nf3 h6 9. Nbd2 Bh7 10. Bb5 Nf5 11. Bf2 Be7 12. Qa4 O-O 13. O-O Nh4 14. Bxh4 Bxh4 15. Bxc6 bxc6 16. Nxh4 Qxh4 17. Nf3 Qg4 18.
Nd4 Be4 19. Rf2 Rfc8 20. Qd1 Qh4 21. g3 Qe7 22. b4 a5 23. a3 a4 24. h3 Qb7 25. Kh2 Re8 26. Qe2 f5 27. g4 g6 28.
Rg1 Kh7 29. Rg3 Qd7 30. Rf1 Rg8 31. Rfg1 fxg4 32. Qxg4 Rae8 33. Qd1 Ra8 34. Qg4 Rae8 35. Qh4 Qf7 36. Nxc6 Qb7 37. Nd4 Qa6 38. Re3 Rg7 39. Qf2 Rf7 40. Qf1 Qa8 41. Reg3 Qd8 42. Rg4 h5 43.
Rg5 Ref8 44. Qe2 Kh6 45. Rf1 Rxf4 46. Rxf4 Qxg5 47. Nxe6 Qxe5 48. Qe3 Rg8 49. Kg1 g5 50. Rf2 Qxe6 51. Qd4 Qxh3 52. Qf6+ Rg6 53. Qh8# 1-0

[Event "*** SCC Grand Prix: Titled Tuesday Blitz"]
[Site "Chess.com"]
[Date "2020.06.09"]
[Round "5"]
[White "djano"]
[Black "TargetA"]
[Result "0-1"]
[WhiteElo "2407"]
[BlackElo "2574"]
[TimeControl "180+1"]
[EndTime "9:57:29 PDT"]
[Termination "TargetA won by resignation"]

1. d4 Nf6 2. Nf3 g6 3. Bf4 Bg7 4. c3 d6 5. Nbd2 O-O 6. h3 Nc6 7. e4 Nd7 8. Bh2 e5 9. dxe5 dxe5 10. Bb5 Nc5 11. O-O Qe7 12. b4 Nd7 13. Re1 Ncb8 14.
a4 a5 15. Qb3 c6 16. Bf1 Na6 17. Rab1 Rd8 18. Nc4 axb4 19. cxb4 Kh8 20. a5 f6 21.
Red1 Nf8 22. Nb6 Be6 23. Qc3 Rxd1 24. Rxd1 Rd8 25. Rxd8 Qxd8 26. b5 cxb5 27. Bxb5 Qd1+ 28. Qe1 Qb3 29. Bf1 h5 30. Bg3 Nd7 31. Qd2 Nxb6 32.
Qd8+ Kh7 33. axb6 Nc5 34. Bh4 Nxe4 35. Bd3 Qd5 36. Qxd5 Bxd5 37. Ne1 g5 38. f3 gxh4 39. Bxe4+ Bxe4 40. fxe4 Bf8 41. Nd3 Kg6 42. Kf2 Kf7 43.
g4 hxg4 44. hxg4 Kg6 45. Kg2 Kg5 46. Kh3 Bd6 47. Ne1 Kf4 48. Ng2+ Kxe4 49. Kxh4 Kf3 50.
Ne1+ Ke2 51. Nc2 Bc5 52. Kh5 Kd1 53. Na1 e4 54. Nb3 Bxb6 55. Kg6 e3 0-1

[Event "*** SCC Grand Prix: Titled Tuesday Blitz"]
[Site "Chess.com"]
[Date "2020.06.09"]
[Round "5"]
[White "Khvicha_Supatashvili"]
[Black "Fandorine"]
[Result "0-1"]
[WhiteElo "2725"]
[BlackElo "2901"]
[TimeControl "180+1"]
[EndTime "9:57:30 PDT"]
[Termination "Fandorine won on time"]

1. d4 Nf6 2. c4 g6 3. Nc3 Bg7 4. e4 d6 5. Nf3 O-O 6. Be2 e5 7. O-O Na6 8. Re1 c6 9. Bf1 exd4 10. Nxd4 Ng4 11. Nf3 Ne5 12. Nxe5 dxe5 13. Qxd8 Rxd8 14.
Bg5 Re8 15. Be3 Nc7 16. c5 Ne6 17. Bc4 Nd4 18. Rac1 Be6 19. Bxe6 Nxe6 20. Red1 Red8 21. f3 Bf8 22. Na4 f5 23. Kf1 Kf7 24. Ke2 Be7 25.
Rxd8 Rxd8 26. Rd1 Rb8 27. b4 Ke8 28. Nb2 fxe4 29. fxe4 a5 30. a3 axb4 31. axb4 Ra8 32. Nd3 Ra4 33. Rb1 Bf6 34. Rb2 Nc7 35. Bf2 Nb5 36. Bg3 Nc3+ 37. Kf3 Ra3 38. Rd2 Nb1 39.
Rd1 Nc3 40. Rd2 Nb5 41. Kf2 Bg5 42. Rd1 Nc3 43. Re1 Bd2 44. Rf1 Nxe4+ 45. Ke2 Bc3 46. Bxe5 Bxe5 47. Nxe5 Nc3+ 48. Kd3 Nd5+ 49. Kc4 Ne3+ 50.
Kd4 Nxf1 0-1

[Event "*** SCC Grand Prix: Titled Tuesday Blitz"]
[Site "Chess.com"]
[Date "2020.06.09"]
[Round "5"]
[White "woodhy"]
[Black "GM_Buhmann"]
[Result "0-1"]
[WhiteElo "2456"]
[BlackElo "2735"]
[TimeControl "180+1"]
[EndTime "9:57:30 PDT"]
[Termination "GM_Buhmann won by checkmate"]

1. e4 c5 2. Nf3 d6 3. d4 cxd4 4. Nxd4 Nf6 5. f3 a6 6. c4 e6 7.
Nc3 b6 8. Be3 Bb7 9. Be2 Nbd7 10. O-O Be7 11. Rc1 O-O 12. Qe1 Re8 13. Qf2 Qc7 14. b4 Rac8 15. Nb3 Qb8 16. Na4 d5 17. Nxb6 Nxb6 18. Bxb6 dxe4 19. Bc5 exf3 20. Bxf3 Bxf3 21. Qxf3 Bxc5+ 22. Nxc5 Qxb4 23. Nd7 Qe7 24. Nxf6+ Qxf6 25. Qxf6 gxf6 26. Rxf6 Re7 27. c5 Rec7 28. Rcf1 Rd8 29. R1f3 Rd5 30. Ra3 Rc6 31. Rg3+ Kf8 32. Rh6 Rcxc5 33.
h4 Rh5 34. Rxh5 Rxh5 35. Rg4 Ra5 36. a4 Rd5 37. Kf2 Ke7 38. Rg7 h5 39. Rh7 Kf6 40. Rh8 Kg7 41. Rc8 Rd4 42. Rc5 Rd5 43. Rc6 Ra5 44. Rc4 Kg6 45. Kf3 Rf5+ 46. Ke3 a5 47.
g3 Kf6 48. Rd4 Rc5 49. Kf3 Ke5 50. Rf4 Rc3+ 51. Kf2 f5 52. Kg2 Kd5 53. Kf2 Rc4 54. Ke3 Rxf4 55. Kxf4 Kd4 56. Kg5 e5 57. Kxf5 e4 58. g4 e3 59. g5 e2 60. g6 e1=Q 61.
Kf6 Qe8 62. Kg7 Ke5 63. Kh7 Kf6 64. g7 Qg6+ 65. Kh8 Qxg7# 0-1

[Event "*** SCC Grand Prix: Titled Tuesday Blitz"]
[Site "Chess.com"]
[Date "2020.06.09"]
[Round "5"]
[White "Iball95"]
[Black "PotapovaM"]
[Result "1-0"]
[WhiteElo "2681"]
[BlackElo "2449"]
[TimeControl "180+1"]
[EndTime "9:57:30 PDT"]
[Termination "Iball95 won on time"]

1. d4 Nf6 2. Nc3 d5 3. Bf4 c5 4. e3 cxd4 5. exd4 a6 6. Nf3 Nc6 7. Ne5 Bf5 8. Be2 e6 9. Nxc6 bxc6 10. Na4 Be7 11. O-O O-O 12. c3 a5 13. Re1 Bg6 14.
h3 Ne4 15. Bd3 Bh4 16. g3 Bg5 17. Bxg5 Qxg5 18. h4 Qf6 19. Bxe4 Bxe4 20. Nc5 Bf3 21. Qd3 Ra7 22. Re5 h6 23. b3 Bg4 24. Rae1 Bf5 25. Qf3 Qg6 26. Kh2 Rb8 27. Qf4 Rc8 28. f3 Qf6 29.
Kg2 Kh7 30. g4 Bg6 31. Qg3 h5 32. gxh5 Bf5 33. Qg5 Qh6 34. Kf2 Rb8 35. Rg1 Rg8 36.
Re2 a4 37. Nxa4 Bd3 38. Rd2 Bf5 39. Nc5 f6 40. Qxh6+ Kxh6 41. a4 Kxh5 42. Kg3 g5 43. hxg5 Rxg5+ 44. Kf2 Rxg1 45. Kxg1 Kg5 46. Rh2 Kf4 47.
Kf2 e5 48. Rh4+ Kg5 49. Kg3 Re7 50. Rh8 e4 51. Rg8+ Kh6 52. fxe4 dxe4 53. Kf2 e3+ 54. Ke1 Bg6 55. a5 f5 56. a6 f4 57. Rf8 Bf7 58. Nd3 f3 59. Ne5 f2+ 60. Ke2 Bh5+ 61. Kxe3 1-0